 Dungeon Crawl Stone Soup version 0.25-a0-566-g062765be81 (webtiles) character file.

Game seed: 7126897472776300727, levelgen mode: deterministic

1099 Froggeryz the Cleaver (level 8, -8/68 HPs)
             Began as a Deep Dwarf Fighter on Feb 28, 2020.
             Was an Initiate of Makhleb.
             Mangled by an orc warrior
             ... wielding a +0 dire flail
              (19 damage)
             ... on level 6 of the Dungeon.
             The game lasted 00:07:13 (3863 turns).

Froggeryz the Cleaver (Deep Dwarf Fighter)          Turns: 3863, Time: 00:07:13

Health: -8/68      AC:  9    Str: 21    XL:     8   Next: 10%
Magic:  8/8        EV:  8    Int: 10    God:    Makhleb [......]
Gold:   264        SH: 10    Dex: 12    Spells: 7/7 levels left

rFire    . . .     SeeInvis .   a - +0 war axe
rCold    . . .     Gourm    .   c - +0 kite shield
rNeg     . . .     Faith    .   b - +0 scale mail
rPois    .         Spirit   .   D - +0 helmet
rElec    .         Reflect  .   (no cloak)
rCorr    .         Harm     .   p - +0 pair of gloves
MR       +....                  (no boots)
Stlth    ..........             B - amulet of rage
HPRegen  0.00/turn              z - ring of flight
MPRegen  0.11/turn              (no ring)

@: non-regenerating
A: damage resistance, heal wounds, sense surroundings 1, no regeneration
a: Heal Wounds, Renounce Religion, Evoke Berserk Rage, Evoke Flight


You were on level 6 of the Dungeon.
You worshipped Makhleb.
Makhleb was noncommittal.
You were very hungry.

You visited 2 branches of the dungeon, and saw 7 of its levels.
You also visited: Sewer.

You collected 264 gold pieces.

Inventory:

Hand Weapons
 a - a +0 war axe (weapon)
Armour
 b - a +0 scale mail (worn)
 c - a +0 kite shield (worn)
 p - a +0 pair of gloves (worn)
 D - a +0 helmet (worn)
Jewellery
 l - an uncursed ring of fire
 z - a ring of flight (left hand)
 B - an amulet of rage (around neck)
Wands
 v - a wand of clouds (4)
 w - a wand of acid (8)
Scrolls
 d - 2 scrolls of fear
 e - 4 scrolls of teleportation
 h - 4 scrolls of remove curse
 j - a scroll of magic mapping {unknown}
 n - 6 scrolls of identify
 s - a scroll of enchant weapon {unknown}
 x - a scroll of fog {unknown}
 y - 2 scrolls of immolation {unknown}
 A - a scroll of noise {unknown}
 C - a scroll of enchant armour {unknown}
Potions
 g - 4 potions of cancellation {unknown}
 i - 6 potions of curing
 k - a potion of ambrosia {unknown}
 m - a potion of haste {unknown}
 o - a potion of mutation {unknown}
 q - a potion of invisibility {unknown}
 r - 2 potions of degeneration {unknown}
 t - a potion of stabbing {unknown}
 u - a potion of lignification {unknown}
Comestibles
 f - 10 rations


   Skills:
 - Level 2.6 Fighting
 * Level 8.7 Axes
 - Level 4.7 Armour
 - Level 6.0 Shields


You had 7 spell levels left.
You didn't know any spells.
Your spell library was empty.

Dungeon Overview and Level Annotations

Branches:
Dungeon (6/15)             Temple (1/1) D:5           Sewer (visited)

Altars:
Makhleb
Okawaru
Vehumet
Xom
Zin
The Shining One


Innate Abilities, Weirdness & Mutations

You are resistant to damage.
You can heal yourself by infusing magical energy.
You passively map a small area around you.
You do not regenerate.


Message History

The orc shouts!
You slash the orc!
You kill the orc!
Makhleb accepts your kill.
You hear a shout!
You closely miss the orc warrior.
The orc warrior hits you with a +0 dire flail!
* * * LOW HITPOINT WARNING * * *
You slash the orc!
You kill the orc!
Makhleb accepts your kill.
You hit the orc warrior but do no damage.
You block the orc warrior's attack.
You barely miss the orc warrior.
The orc warrior hits you with a +0 dire flail.
* * * LOW HITPOINT WARNING * * *
You slash the orc warrior!
The orc warrior is moderately wounded.
The orc warrior hits you with a +0 dire flail!!
You die...

#.##### * , ##, #.#
,.# #.# ########.#
#.# #......#.# #.#,
#.####.#.#+###
#.#.###.####.......#
#.#................#
#.#####.###........#
#.# #.# ##@......#
#.# #.##.)o..#+###
#.# #.##.#####,
##.#####.##.* *
#........##
##########* * * * ,
* ** * * *


You could see an orc warrior.

Vanquished Creatures
  Sigmund (D:5)
  Eustachio (D:5)
  Purgy (Sewer)
  An ogre (D:4)
  A phantom (D:4)
  A centaur (D:5)
  Blork the orc (D:5)
  A howler monkey (D:4)
  A bullfrog skeleton (D:5)
  3 orc wizards (D:3)
  An iguana (D:4)
  A worker ant (D:4)
  6 adders
  A gnoll (D:1)
  A shadow imp (D:5)
  2 oozes (D:3)
  2 worms (D:3)
  A dart slug (D:1)
  3 leopard geckos
  15 orcs
  A ball python (D:3)
  10 bats
  3 giant cockroaches
  5 goblins
  6 hobgoblins
  6 jackals
  4 quokkas
  8 frilled lizards
  13 kobolds
  10 rats
111 creatures vanquished.

Notes
Turn   | Place    | Note
-------+----------+-------------------------------------------
     0 | D:1      | Froggeryz the Deep Dwarf Fighter began the quest for the
                  | Orb.
     0 | D:1      | Reached XP level 1. HP: 20/20 MP: 1/1
   170 | D:1      | Reached XP level 2. HP: 22/27 MP: 2/2
   213 | D:1      | Reached skill level 3 in Axes
   410 | D:1      | Reached XP level 3. HP: 20/33 MP: 3/3
  1274 | D:2      | Found an iron altar of Okawaru.
  1413 | D:3      | Reached skill level 4 in Axes
  1413 | D:3      | Reached XP level 4. HP: 14/40 MP: 4/4
  1510 | D:3      | Reached XP level 5. HP: 23/46 MP: 5/5
  1554 | D:3      | Found a glowing drain.
  1582 | Sewer    | Entered a sewer
  1639 | Sewer    | Noticed Purgy
  1649 | Sewer    | Killed Purgy
  1649 | Sewer    | Reached skill level 5 in Axes
  1649 | Sewer    | Reached XP level 6. HP: 25/55 MP: 6/6
  2048 | D:4      | Found a radiant altar of Vehumet.
  2064 | D:4      | Reached skill level 5 in Shields
  2185 | D:4      | Reached skill level 6 in Axes
  2263 | D:4      | You fall into a shaft and drop 1 floor!
  2263 | D:5      | Entered Level 5 of the Dungeon
  2297 | D:5      | Noticed Sigmund
  2301 | D:5      | Killed Sigmund
  2301 | D:5      | Reached XP level 7. HP: 52/61 MP: 7/7
  2577 | D:4      | Reached skill level 7 in Axes
  3045 | D:5      | Noticed Blork the orc
  3058 | D:5      | Killed Blork the orc
  3058 | D:5      | Reached skill level 8 in Axes
  3082 | D:5      | Found a staircase to the Ecumenical Temple.
  3155 | Temple   | Entered the Ecumenical Temple
  3165 | Temple   | Became a worshipper of Makhleb the Destroyer
  3226 | D:5      | Noticed Eustachio
  3262 | D:5      | Killed Eustachio
  3262 | D:5      | Reached XP level 8. HP: 21/68 MP: 8/8
  3557 | D:5      | Found a shimmering altar of Xom.
  3863 | D:6      | Mangled by an orc warrior

Levels and vault maps discovered:
D:1:      dpeg_arrival_ternary, layout_loops_ring
D:2:      layout_loops_ring, okawaru_trees_1
D:3:      layout_rooms, first_ration, cheibrodos_sewer_entry_bend
D:4:      layout_loops_ring, kennysheep_mini, minivault_26, hex_tiny,
          chequers_serial_rivers_marsh
D:5:      layout_basic, kennysheep_little_box, minmay_temple_entry_stoned_glass,
          serial_park_tiny_2, uniq_eustachio, uniq_blork_the_orc, uniq_sigmund
D:6:      layout_basic, gammafunk_temple_overflow_elements, minivault_26
Temple:   eino_wide_crystal_templ

Skill      XL: |  1  2  3  4  5  6  7 |
---------------+----------------------+-----
Axes           | 3 4 5 6 8 |  8.7
Armour         | 4 |  4.7
Shields        | 4 6 |  6.0
Fighting       | |  2.6

Action                   |  1- 3 |  4- 6 |  7- 9 || total
-------------------------+-------+-------+-------++-------
Melee: War axe           |   118 |   115 |   144 ||   377
Throw: Throwing net      |       |     1 |       ||     1
 Abil: Heal Wounds       |       |     5 |     1 ||     6
Evoke: Wand              |       |     1 |     1 ||     2
  Use: Potion            |       |     1 |     1 ||     2
       Scroll            |       |       |     4 ||     4
  Eat: Chunk             |     2 |     3 |     4 ||     9
Armor: Scale mail        |    61 |    64 |    54 ||   179
Dodge: Dodged            |    39 |    43 |    57 ||   139
Block: Kite shield       |    80 |    62 |    84 ||   226

Table legend:
 A = Non-vault XP
 B = Vault XP
 C = Vault XP percentage of total XP
 D = Non-vault monster count
 E = Vault monster count
 F = Vault count percentage of total count
                 A         B        C        D         E       F
            +---------+---------+-------+---------+---------+-------
      Total |     919 |     651 |  41.5 |     100 |      11 |   9.9
            +---------+---------+-------+---------+---------+-------
        D:1 |      48 |       0 |   0.0 |      22 |       0 |   0.0
        D:2 |      30 |       0 |   0.0 |      14 |       0 |   0.0
        D:3 |     215 |      10 |   4.4 |      36 |       2 |   5.3
        D:4 |     432 |       0 |   0.0 |      14 |       0 |   0.0
        D:5 |     188 |     501 |  72.7 |      12 |       3 |  20.0
        D:6 |       6 |       0 |   0.0 |       2 |       0 |   0.0
      Sewer |       0 |     140 | 100.0 |       0 |       6 | 100.0
            +---------+---------+-------+---------+---------+-------
